Map: Lightshade LE

Players

Nice

  • Race: Protoss Protoss
  • Spawn Location: 5:00

sOs - Winner!

  • Race: Protoss Protoss
  • Spawn Location: 11:00

Event: IEM Katowice 2021

VOD

Have the link to the VOD?

Description

Time

  • Played on: Feb. 20, 2021, 10:33 a.m.
  • Length: 8:37
Show
View Real Time Build Order
Export as new Build Order

Nice Protoss 

Build Orders:  

Get SALT Encoding   

  12  0:00  Probe  
  13  0:12  Probe  
  14  0:16  Pylon  
  14  0:24  Probe (Chrono Boost)  
  16  0:36  Probe (Chrono Boost)  
  16  0:38  Gateway  
  16  0:43  Probe (Chrono Boost)  
  16  0:45  Assimilator  
  17  0:50  Assimilator  
  17  0:54  Probe (Chrono Boost)  
  18  1:06  Probe (Chrono Boost), Gateway  
  19  1:14  Probe (Chrono Boost)  
  20  1:20  Probe  
  21  1:25  Cybernetics Core  
  21  1:32  Probe  
  22  1:35  Pylon  
  22  1:44  Probe  
  23  2:02  Robotics Facility  
  23  2:03  Stalker, Warp Gate  
  27  2:13  Stalker  
  27  2:17  Pylon  
  27  2:33  Stalker  
  29  2:43  Stalker  
  31  2:47  Pylon  
  31  2:49  Observer (Chrono Boost)  
  32  2:58  Shield Battery  
  32  3:06  Immortal (Chrono Boost)  
  32  3:11  Observer  
  35  3:34  Pylon  
  35  3:38  Warp Prism  
  37  3:44  Gateway  
  37  3:49  Observer  
  37  3:54  Stalker  
  37  3:55  Stalker, Observer  
  38  4:06  Probe  
  39  4:18  Probe  
  39  4:22  Sentry x2  
  44  4:27  Pylon  
  44  4:28  Observer  
  44  4:30  Probe  
  45  4:39  Stalker  
  47  4:48  Stalker  
  47  4:51  Observer (Chrono Boost)  
  50  4:57  Stalker  
  50  4:58  Probe  
  52  5:09  Stalker  
  54  5:16  Adept  
  56  5:25  Pylon  
  52  5:39  Probe (Chrono Boost)  
  51  5:43  Stalker x2  
  51  5:48  Probe (Chrono Boost)  
  55  5:53  Probe (Chrono Boost)  
  56  6:02  Stalker, Observer  
  58  6:05  Probe  
  59  6:17  Probe  
  60  6:19  Pylon  
  57  6:26  Observer (Chrono Boost)  
  57  6:29  Probe  
  57  6:32  Adept  
  61  6:33  Zealot  
  63  6:52  Adept  
  63  6:53  Adept x2  
  67  6:55  Probe  
  68  7:07  Probe  
  55  7:18  Stalker x2  
  59  7:22  Stalker  
  61  7:31  Probe  
  62  7:47  Sentry  
Show
View Real Time Build Order
Export as new Build Order

sOs Protoss - Winner!

Build Orders: Oracle Opening, Proxy Void Ray 

Get SALT Encoding   

  12  0:00  Probe  
  13  0:12  Probe  
  14  0:17  Pylon  
  14  0:24  Probe (Chrono Boost)  
  16  0:36  Probe (Chrono Boost)  
  16  0:37  Gateway  
  16  0:43  Probe (Chrono Boost)  
  16  0:46  Assimilator  
  17  0:51  Probe  
  17  0:55  Assimilator  
  18  1:03  Probe (Chrono Boost)  
  19  1:08  Gateway  
  19  1:12  Probe (Chrono Boost)  
  19  1:17  Probe (Chrono Boost)  
  20  1:24  Cybernetics Core  
  21  1:29  Probe  
  22  1:35  Pylon  
  22  1:41  Probe  
  23  2:00  Adept x2  
  28  2:04  Stargate  
  27  2:13  Warp Gate  
  27  2:17  Probe  
  27  2:20  Pylon  
  28  2:23  Shield Battery  
  28  2:32  Adept  
  30  2:38  Adept  
  30  2:41  Probe  
  33  2:47  Oracle (Chrono Boost)  
  36  2:52  Shield Battery  
  36  3:07  Shield Battery  
  36  3:11  Void Ray (Chrono Boost), Pylon  
  38  3:29  Zealot x2  
  42  3:42  Void Ray  
  46  3:57  Probe  
  47  4:06  Robotics Facility  
  47  4:07  Pylon  
  47  4:08  Pylon  
  47  4:30  Oracle (Chrono Boost)  
  47  4:32  Pylon  
  47  4:36  Zealot x2  
  54  4:42  Pylon  
  54  4:57  Immortal  
  58  5:07  Shield Battery  
  58  5:17  Adept x2  
  62  5:22  Void Ray  
  66  5:38  Probe  
  67  5:46  Immortal  
  71  5:50  Pylon  
  71  6:08  Adept  
  73  6:15  Gateway  
  73  6:26  Warp Prism (Chrono Boost)  
  73  6:31  Adept  
  77  6:43  Void Ray  
  77  6:47  Pylon  
  78  6:57  Adept  
  70  7:20  Immortal (Chrono Boost)  
  74  7:29  Sentry x2  
  78  7:34  Nexus  
  78  7:38  Pylon  
  78  7:52  Observer (Chrono Boost)  
  78  7:56  Shield Battery  
  79  7:58  Shield Battery  
  79  8:01  Sentry  

Tags
 
Add a new tag
Caveats
  • Supply blocks, unpowered buildings, or Contaminate may cause inaccurate times.
  • Supply counts are checked every 10 seconds.